 Dungeon Crawl Stone Soup version 0.30-a0-1053-gbd8d5ba0ad (webtiles) character file.

Game seed: 1971750372250515410

108250 Esekla the Covert (level 16, -3/111 HPs)
             Began as an Octopode Delver on Apr 11, 2023.
             Was an Initiate of Gozag.
             Shot with an arrow by a centaur warrior (8 damage)
             ... on level 15 of the Dungeon.
             The game lasted 03:01:47 (34026 turns).

Esekla the Covert (Octopode Delver)                Turns: 34026, Time: 03:01:47

Health: -3/111     AC:  9    Str: 15    XL:     16   Next: 49%
Magic:  31/31      EV: 16    Int: 37    God:    Gozag
Gold:   2230       SH: 16    Dex: 14    Spells: 20/38 levels left

rFire   + . .      SeeInvis .    f - +3 scimitar (flame)
rCold   . . .      Faith    .    C - +0 kite shield
rNeg    . . .      Spirit   .    (helmet restricted)
rPois   .          Reflect  +    c - amulet of reflection
rElec   .          Rampage  .    W - +4 ring of slaying
rCorr   +                        Y - +6 ring of intelligence
Will    ++...                    u - +4 ring of protection
Stlth   ++++++                   G - ring of protection from fire
HPRegen 0.38/turn                M - +4 ring of protection
MPRegen 0.22/turn                P - ring of the Witching Saviour {Fly Will+ rCorr Str+3 Int+6}
                                 g - +4 ring of slaying
                                 L - ring "Huzxusto" {rCorr Int+6}

@: flying, studying Necromancy
A: almost no armour, amphibious, 8 rings, camouflage 1, gelatinous body 1,
(nimble swimmer 1), tentacles
a: Renounce Religion, Potion Petition, Call Merchant, Bribe Branch


You were on level 15 of the Dungeon.
You worshipped Gozag.
Gozag was most pleased with you.
You visited 4 branches of the dungeon, and saw 23 of its levels.
You also visited: Ice Cave.

You collected 9142 gold pieces.
You spent 4866 gold pieces at shops.
You paid 2046 gold pieces to Gozag.

Inventory:

Hand Weapons
 a - a +1 long sword of protection
 e - a +4 scimitar of electrocution
 f - a +3 scimitar of flaming (weapon)
 r - a +2 spear of freezing
 s - the +8 Vampire's Tooth {megavamp}
   (You found it on level 10 of the Dungeon)
 v - a +1 dagger of venom
 z - a +1 demon blade of freezing
Missiles
 i - 8 javelins
 x - 23 poisoned darts
 H - 8 boomerangs (quivered)
 N - 9 curare-tipped darts
Armour
 C - a +0 kite shield (worn)
Jewellery
 c - an amulet of reflection (around mantle)
 g - a +4 ring of slaying (on tentacle)
 p - a ring of wizardry
 u - a +4 ring of protection (on tentacle)
 E - a ring of poison resistance
 G - a ring of protection from fire (on tentacle)
 K - a ring of see invisible
 L - the ring "Huzxusto" (on tentacle) {rCorr Int+6}
   (You bought it in a shop on level 10 of the Dungeon)

   [ring of intelligence]

   Int:       It affects your intelligence (+6).
   rCorr:     It protects you from acid and corrosion.
 M - a +4 ring of protection (on tentacle)
 P - the ring of the Witching Saviour (on tentacle) {Fly Will+ rCorr Str+3 Int+6}
   (You bought it in a shop on level 10 of the Dungeon)

   [ring of intelligence]

   Str:       It affects your strength (+3).
   Int:       It affects your intelligence (+6).
   Fly:       It grants you flight.
   rCorr:     It protects you from acid and corrosion.
   Will:      It increases your willpower.
 W - a +4 ring of slaying (left tentacle)
 Y - a +6 ring of intelligence (right tentacle)
 Z - a ring of protection from cold
Wands
 j - a wand of light (10)
 l - a wand of digging (2)
 A - a wand of iceblast (39)
Scrolls
 b - 4 scrolls of fog
 d - 2 scrolls of fear
 h - 3 scrolls of magic mapping
 m - 12 scrolls of teleportation
 n - a scroll of poison
 o - a scroll of brand weapon
 y - 2 scrolls of silence
 F - 6 scrolls of blinking
 O - 2 scrolls of enchant armour
 Q - 2 scrolls of butterflies
 V - 2 scrolls of enchant weapon
Potions
 k - 2 potions of mutation {unknown}
 q - a potion of ambrosia {unknown}
 t - 4 potions of cancellation
 w - 2 potions of attraction
 B - 3 potions of haste
 D - a potion of resistance {unknown}
 I - 2 potions of flight
 J - 6 potions of curing
 S - 2 potions of berserk rage {unknown}
 T - 4 potions of invisibility
 U - a potion of magic {unknown}
Miscellaneous
 X - a lightning rod (4/4)


   Skills:
 * Level 10.9 Fighting
 + Level 8.9(11.1) Short Blades
 * Level 10.4(11.8) Long Blades
 - Level 5.0 Throwing
 * Level 10.5 Dodging
 - Level 12.3 Stealth
 - Level 9.1 Shields
 * Level 11.5 Spellcasting
 * Level 3.9 Conjurations
 + Level 3.8 Transmutations
 + Level 3.5 Fire Magic
 + Level 9.0 Ice Magic
 * Level 3.5 Air Magic
 * Level 4.1 Earth Magic
 + Level 4.4 Poison Magic


You had 20 spell levels left.
You knew the following spells:

 Your Spells              Type           Power      Damage    Failure   Level
c - Mephitic Cloud        Conj/Pois/Air  50%        N/A       2%          3
n - Ignite Poison         Fire/Tmut/Pois 50%        N/A       2%          3
r - Frozen Ramparts       Ice            100%       1d16      1%          3
v - Poisonous Vapours     Pois/Air       100%       N/A       1%          2
w - Wereblood             Tmut           49%        N/A       1%          2
z - Freezing Cloud        Conj/Ice/Air   29%        6-21      13%         5

Your spell library contained the following spells:

 Spells                   Type           Power      Damage    Failure   Level
 Beastly Appendage        Tmut           98%        N/A       1%          1
 Freeze                   Ice            100%       1d10      1%          1
 Hailstorm                Conj/Ice       62%        3d13      1%          3
 Cigotuvi's Dreadful Rot  Necr/Pois/Air  82%        N/A       2%          2
 Spider Form              Tmut/Pois      51%        N/A       2%          3
 Ice Form                 Ice/Tmut       62%        N/A       3%          4
 Summon Small Mammal      Summ           84%        N/A       4%          1
 Volatile Blastmotes      Fire/Tloc      68%        2d15      6%          3
 Summon Ice Beast         Ice/Summ       53%        N/A       7%          4
 Call Canine Familiar     Summ           21%        N/A       13%         3
 Gell's Gravitas          Tloc           21%        N/A       13%         3
 Summon Guardian Golem    Hex/Summ       21%        N/A       13%         3
 Teleport Other           Tloc           21%        N/A       13%         3
 Fulminant Prism          Conj/Hex       18%        3d10      19%         4
 Iskenderun's Mystic Bla  Conj/Tloc      36%        2d9       19%         4
 Alistair's Intoxication  Tmut/Pois      34%        N/A       22%         5
 Lee's Rapid Deconstruct  Erth           25%        3d14*     22%         5
 Anguish                  Hex/Necr       10%        N/A       41%         4
 Borgnjor's Vile Clutch   Necr/Erth      18%        N/A       45%         5
 Eringya's Noxious Bog    Tmut/Pois      25%        N/A       77%         6
 Conjure Ball Lightning   Conj/Air       24%        3x3d7     80%         6
 Dispersal                Tloc           10%        N/A       100%        6
 Enfeeble                 Hex            10%        N/A       100%        7
 Discord                  Hex            10%        N/A       100%        8
 Disjunction              Tloc           10%        N/A       100%        8
 Chain Lightning          Conj/Air       24%        3d32      100%        9
 Fire Storm               Conj/Fire      24%        8d6       100%        9
 Shatter                  Erth           25%        3d22*     100%        9


Dungeon Overview and Level Annotations

Branches:
Dungeon (15/15)            Temple (1/1) D:5            Lair (5/5) D:10
 Shoals (0/4) Lair:2       Spider (0/4) Lair:3        Slime (0/5) Lair:5
    Orc (2/2) D:12            Elf (0/3) Orc:2        Vaults (0/5) D:13
  IceCv (visited)
 Depths: D:15

Altars:
Ashenzari
Cheibriados
Dithmenos
Elyvilon
Gozag
Hepliaklqana
Kikubaaqudgha
Nemelex Xobeh
Okawaru
Qazlal
Ru
Sif Muna
Trog
Wu Jian
Xom
Yredelemnul
Zin
The Shining One
Jiyva

Shops:
D:5 =[   D:10 ?=   D:11 ([**   Orc:2 [:(*

Annotations:
D:8 3 runed translucent doors, jlumianski's ghost, novice DsFi
D:10 vampire
D:11 2 runed translucent doors, holysushi's ghost, journeyman DrCj
D:15 Roxanne
Lair:1 1 runed translucent door, Bips's ghost, journeyman DgDe
Orc:1 2 runed translucent doors, Rauqumuf's ghost, journeyman TeAE


Innate Abilities, Weirdness & Mutations

You cannot wear most types of armour.
You are amphibious.
You can wear up to eight rings at the same time.
Your skin changes colour to match your surroundings (Stealth+).
Your rubbery body absorbs attacks. (AC +1, EV +1)
((You are camouflaged when in or above water. (Stealth+)))
You have tentacles for arms and can constrict up to eight enemies at once.


Message History

Roxanne is severely damaged.
You slash Roxanne! You burn Roxanne. You squeeze Roxanne.
Roxanne is severely damaged.
You slice Roxanne!! You burn Roxanne. You squeeze Roxanne, but do no damage.
Roxanne is almost destroyed.
Roxanne mumbles some strange words.
The iron shot hits you!!
* * * LOW HITPOINT WARNING * * *
You slash Roxanne! You squeeze Roxanne, but do no damage.
Roxanne is almost destroyed.
Roxanne mumbles some strange words.
The bolt of magma hits you! You partially resist.
* * * LOW HITPOINT WARNING * * *
Okay, then.
Unknown command.
Press: ? - help, v - describe, . - travel
Here: Roxanne (almost destroyed)
The floor.
Unknown command.
Unknown command.
Okay, then.
Unknown command.
You hit Roxanne. You squeeze Roxanne, but do no damage.
Roxanne is almost destroyed.
Roxanne casts a spell.
You blink.
Really fly into that teleport trap?
You enter a teleport trap!
The teleport trap disappears.
Your surroundings suddenly seem different.
A centaur warrior comes into view.
Found a scroll of magic mapping and a plate armour.
Casting: Freezing Cloud (dangerous; 13% risk of failure)
Confirm with . or Enter, or press ? or * to list all spells.
You can't see any susceptible monsters within range! (Use Z to cast anyway.)
As you read the scroll of fog, it crumbles to dust.
The scroll dissolves into smoke.
The centaur warrior wields a +0 longbow.
The centaur warrior shoots an arrow.
The arrow hits you!
You die...
Your body crumbles into a pile of gold.

# .# # .#
+.. ..#
#...#####..#
......§§§..#
.....?§@§..#
......§§§§.#
.......§...#
...........#
.c.........#
############


You could see a centaur warrior.

Vanquished Creatures
  Kirke (D:13)
  An orc warlord (Orc:2)
  The ghost of dva13 the Fighter, a journeyman HOBe of Trog (Lair:4)
  Azrael (D:13)
  4 hydras
  A rakshasa (D:13)
  An ogre mage (D:13)
  Erica (D:8)
  3 catoblepae (Lair:5)
  5 centaur warriors
  6 two-headed ogres
  7 boulder beetles
  18 death yaks
  A tengu warrior (D:13)
  4 orc high priests
  Urug (D:13)
  Sonja (Orc:2)
  2 skeletal warriors (D:13)
  5 skysharks
  A wizard (D:14)
  A necromancer (IceCv)
  Pikel (D:8)
  A deep elf archer (D:13)
  A deep elf zephyrmancer (D:13)
  5 deep elf pyromancers
  6 orc knights
  7 ugly things
  3 orc sorcerers (Orc:2)
  6 cyclopes
  An oklob plant (Lair:3)
  A wolf spider (Lair:3)
  17 elephants
  2 moths of wrath (Lair:4)
  4 manticores
  3 black mambas
  A guardian serpent (Lair:1)
  4 gargoyles
  An ice statue (IceCv)
  11 cane toads
  A torpor snail (Lair:2)
  4 rime drakes
  Maggie (D:8)
  4 centaur skeletons (D:13)
  A cane toad (shapeshifter) (D:14)
  9 komodo dragons
  An efreet (D:15)
  12 ice devils (IceCv)
  3 freezing wraiths (IceCv)
  A yaktaur (shapeshifter) (D:14)
  2 anaconda simulacra (IceCv)
  3 meliai (D:13)
  2 tyrant leeches
  9 trolls
  2 polar bears (Lair:5)
  3 hornets
  A snapping turtle (Lair:2)
  4 dream sheep (Lair:5)
  7 blink frogs
  6 slime creatures
  3 wraiths
  6 spriggans (Lair:4)
  2 jumping spiders (Lair:3)
  2 shadows
  6 wyverns
  2 dire elephant simulacra (IceCv)
  43 yaks
  2 fire elementals
  5 vampires
  3 hogs (D:13)
  2 steam dragons
  A redback (Lair:3)
  14 vampire mosquitoes
  2 basilisks
  3 wargs
  An acid dragon (D:11)
  A hydra simulacrum (IceCv)
  2 harpy simulacra (IceCv)
  3 hell hounds (D:13)
  30 orc warriors
  An ice beast (D:5)
  14 water moccasins
  A black bear (Lair:2)
  10 ogres
  17 wolves
  7 centaurs
  3 lemures (D:8)
  2 kobold brigands
  2 gnoll sergeants
  11 bullfrogs
  6 necrophages (Lair:2)
  2 cane toad simulacra (IceCv)
  A scorpion (D:6)
  6 wights
  5 killer bees (D:11)
  6 elephant simulacra (IceCv)
  2 electric eels (Lair:2)
  5 howler monkeys
  6 jellies
  5 orc priests
  A gnoll bouda (D:8)
  4 hounds
  19 orc wizards
  5 polar bear simulacra (IceCv)
  2 hell rats (D:10)
  2 iguanas
  A spriggan simulacrum (IceCv)
  A troll simulacrum (IceCv)
  7 wolf simulacra (IceCv)
  15 gnolls
  10 adders
  3 naga simulacra (IceCv)
  2 river rats (D:10)
  An ufetubus (IceCv)
  3 worms
  3 dart slugs
  84 orcs
  6 ball pythons
  8 endoplasms
  A giant cockroach (D:2)
  8 goblins
  10 hobgoblins
  2 jackals (D:1)
  6 quokkas
  5 bats
  6 frilled lizards
  11 kobolds
  9 rats
697 creatures vanquished.

Vanquished Creatures (collateral kills)
  An orc warrior (Orc:2)
1 creature vanquished.

Vanquished Creatures (others)
  A hog (D:13)
  34 fungi
  31 plants
66 creatures vanquished.

Grand Total: 764 creatures vanquished

Notes
Turn   | Place    | Note
-------+----------+-------------------------------------------
     0 | D:5      | Esekla the Octopode Delver began the quest for the Orb.
     0 | D:5      | Reached XP level 1. HP: 16/16 MP: 1/1
     5 | D:5      | Found a staircase to the Ecumenical Temple.
    17 | Temple   | Entered the Ecumenical Temple
   200 | D:5      | Identified the +5 short sword "Dyciuwn" {drain, rN+ MP+9
                  | Dex+2}
   208 | D:5      | Noticed a wight
   227 | D:5      | Reached skill level 7 in Stealth
   227 | D:5      | Reached XP level 2. HP: 21/21 MP: 1/2
   272 | D:5      | Noticed a gnoll sergeant
   339 | Temple   | Became a worshipper of Gozag Ym Sagoz the Greedy
   386 | D:4      | Reached XP level 3. HP: 25/26 MP: 3/3
   456 | D:4      | Found a sacrificial altar of Ru.
   457 | D:4      | Found a basalt altar of Yredelemnul.
   942 | D:1      | Reached XP level 4. HP: 31/31 MP: 4/4
  2227 | D:2      | Reached skill level 1 in Short Blades
  2239 | D:2      | Reached skill level 8 in Stealth
  2239 | D:2      | Reached XP level 5. HP: 36/36 MP: 6/6
  2327 | D:3      | Reached skill level 1 in Spellcasting
  2481 | D:3      | Learned a level 3 spell: Frozen Ramparts
  2720 | D:3      | Found a faded altar of an unknown god.
  2934 | D:3      | Found an ornate altar of the Wu Jian Council.
  2941 | D:3      | Noticed a spectral centipede
  2941 | D:3      | Noticed a spectral black mamba
  2941 | D:3      | Noticed a spectral cane toad
  3173 | D:4      | Found a glowing golden altar of the Shining One.
  3337 | D:4      | Found an ancient bone altar of Kikubaaqudgha.
  3383 | D:4      | Reached XP level 6. HP: 36/43 MP: 7/7
  3588 | D:5      | Noticed a troll
  3601 | D:4      | Reached skill level 1 in Ice Magic
  3844 | D:5      | Found Feyv's Antique Armour Shoppe.
  3893 | D:5      | Reached XP level 7. HP: 45/47 MP: 9/9
  3900 | D:5      | Reached skill level 9 in Stealth
  3993 | D:5      | Identified the amulet "Ravunk" {Spirit rElec rN+}
  4156 | D:5      | Found an iron altar of Okawaru.
  4192 | D:5      | Killed a troll
  4411 | D:5      | Reached XP level 8. HP: 54/54 MP: 11/11
  5230 | D:6      | Reached skill level 1 in Shields
  5865 | D:7      | Reached skill level 10 in Stealth
  5882 | D:7      | Reached skill level 1 in Throwing
  6341 | D:7      | Reached skill level 5 in Fighting
  6341 | D:7      | Reached XP level 9. HP: 42/61 MP: 13/13
  6967 | D:8      | Noticed Pikel
  6983 | D:8      | Killed Pikel
  7232 | D:8      | Noticed Maggie
  7243 | D:8      | Killed Maggie
  7244 | D:8      | Reached skill level 5 in Dodging
  7401 | D:8      | Noticed Erica
  7414 | D:8      | Killed Erica
  7415 | D:8      | Reached skill level 5 in Spellcasting
  7415 | D:8      | Reached XP level 10. HP: 23/68 MP: 7/17
  7940 | D:8      | Found a runed translucent gate.
  7941 | D:8      | Found a runed translucent gate.
  7941 | D:8      | Found a runed translucent gate.
  7941 | D:8      | Noticed jlumianski's ghost (novice DsFi)
  7967 | D:8      | Found a viscous altar of Jiyva.
  8302 | D:9      | Noticed a two-headed ogre
  8306 | D:9      | Noticed a two-headed ogre
  8471 | D:8      | Killed a two-headed ogre
  8472 | D:8      | Reached skill level 5 in Ice Magic
  8805 | D:9      | Killed a two-headed ogre
  8806 | D:9      | Reached skill level 5 in Long Blades
  8806 | D:9      | Reached skill level 11 in Stealth
  9216 | D:9      | Found a shimmering blue altar of Sif Muna.
  9319 | D:9      | Found a snail-covered altar of Cheibriados.
  9406 | D:10     | Entered Level 10 of the Dungeon
  9411 | D:10     | Reached skill level 5 in Short Blades
  9463 | D:10     | Reached XP level 11. HP: 30/73 MP: 4/20
  9469 | D:10     | Found the +8 Vampire's Tooth {megavamp}
  9610 | D:9      | HP: 2/73 [tyrant leech (13)]
 10005 | D:10     | Noticed a death yak
 10005 | D:10     | Noticed a death yak
 10007 | D:10     | Found a staircase to the Lair.
 10543 | D:10     | Noticed a death yak
 10644 | D:10     | Killed a death yak
 10971 | D:10     | Killed a death yak
 10976 | D:10     | Killed a death yak
 11236 | D:5      | Bought a +4 ring of slaying for 1170 gold pieces
 11975 | D:11     | Noticed a two-headed ogre
 11982 | D:11     | Killed a two-headed ogre
 11983 | D:11     | Reached skill level 5 in Shields
 11985 | D:11     | Found Mywettaf's Armour Shop.
 12104 | D:11     | Noticed a two-headed ogre
 12104 | D:11     | Found Cimogyur's Antique Weapon Shop.
 12203 | D:11     | Found Tasmieda's Assorted Antiques.
 12206 | D:11     | Bought a bubbling emerald potion for 27 gold pieces
 12206 | D:11     | Bought a scroll labelled NYG UCVED IHEL for 30 gold pieces
 12206 | D:11     | Bought a scroll labelled YTEUCVOADIRR for 30 gold pieces
 12256 | D:11     | Found a large runed translucent door.
 12256 | D:11     | Found a large runed translucent door.
 12343 | D:11     | Found Tumpybla's Assorted Antiques.
 12772 | D:11     | Killed a two-headed ogre
 12875 | D:11     | Noticed holysushi's ghost (journeyman DrCj)
 13081 | D:12     | Found a staircase to the Orcish Mines.
 13116 | D:12     | Noticed a boulder beetle
 13121 | D:12     | Noticed a cyclops
 13150 | D:12     | Killed a boulder beetle
 13151 | D:12     | Reached skill level 12 in Stealth
 13374 | D:12     | Noticed a cyclops
 13756 | D:11     | Reached XP level 12. HP: 56/81 MP: 20/22
 13834 | D:12     | Noticed a two-headed ogre
 13883 | D:11     | Killed a two-headed ogre
 14493 | D:12     | Noticed a boulder beetle
 14525 | D:12     | Killed a boulder beetle
 15000 | Lair:1   | Entered Level 1 of the Lair of Beasts
 15107 | Lair:1   | Found a runed translucent door.
 15108 | Lair:1   | Found a shimmering altar of Xom.
 15108 | Lair:1   | Noticed Bips's ghost (journeyman DgDe)
 15217 | Lair:1   | Found a frozen archway.
 15276 | IceCv    | Entered an ice cave
 16057 | IceCv    | Found an ancient bone altar of Kikubaaqudgha.
 16862 | IceCv    | Reached XP level 13. HP: 37/88 MP: 12/25
 18048 | Lair:1   | Found the +3 pair of seven-league boots {Rampage+∞}
 18320 | Lair:1   | Found a shimmering blue altar of Sif Muna.
 18530 | D:11     | Bought a runed scimitar for 245 gold pieces
 19350 | Lair:2   | Found a staircase to the Shoals.
 19856 | D:10     | Bought a scroll of identify for 24 gold pieces
 19856 | D:10     | Bought a scroll of identify for 24 gold pieces
 19856 | D:10     | Bought a scroll of identify for 24 gold pieces
 20335 | Lair:3   | Reached XP level 14. HP: 75/97 MP: 26/27
 21234 | Lair:3   | Found a hole to the Spider Nest.
 21857 | Orc:1    | Entered Level 1 of the Orcish Mines
 23037 | Orc:1    | Found a large runed translucent door.
 23037 | Orc:1    | Found a large runed translucent door.
 23136 | Orc:1    | Noticed Rauqumuf's ghost (journeyman TeAE)
 23193 | Orc:2    | Entered Level 2 of the Orcish Mines
 23193 | Orc:2    | Found a staircase to the Elven Halls.
 23223 | Orc:2    | Noticed Sonja
 23464 | Orc:2    | Found Ucealag's General Store.
 23759 | Orc:2    | Noticed an orc warlord
 24543 | Orc:2    | Killed Sonja
 24580 | Orc:2    | Found Such's Antique Weapon Shop.
 24817 | Orc:2    | Killed an orc warlord
 24868 | Orc:2    | Reached skill level 10 in Spellcasting
 24872 | Orc:2    | Found Bol Dink's Book Emporium.
 25170 | Orc:2    | Reached skill level 5 in Throwing
 25207 | Orc:2    | Bought a Trismegistus Codex for 286 gold pieces
 25207 | Orc:2    | Bought a book of Vapours for 286 gold pieces
 25211 | Orc:2    | Learned a level 3 spell: Ignite Poison
 25214 | Orc:2    | Learned a level 2 spell: Poisonous Vapours
 25218 | Orc:2    | Learned a level 3 spell: Mephitic Cloud
 25224 | Orc:2    | Learned a level 5 spell: Freezing Cloud
 25322 | Orc:2    | Found Noin's Antique Armour Shop.
 25697 | Orc:2    | Reached skill level 1 in Fire Magic
 25729 | Orc:2    | Reached skill level 1 in Conjurations
 25729 | Orc:2    | Reached skill level 1 in Poison Magic
 25821 | Orc:2    | Reached skill level 10 in Fighting
 26015 | Lair:4   | Reached skill level 1 in Transmutations
 26457 | Lair:4   | Found a bloodstained altar of Trog.
 26457 | Lair:4   | Noticed dva13's ghost (journeyman HOBe)
 26464 | Lair:4   | Found a transporter.
 26526 | Lair:4   | Found a transporter.
 26534 | Lair:4   | Reached skill level 1 in Air Magic
 26551 | Lair:4   | Reached XP level 15. HP: 99/103 MP: 29/29
 27227 | Lair:4   | Killed dva13's ghost
 27627 | Orc:2    | Bought a book of Annihilations for 660 gold pieces
 27816 | Lair:5   | Entered Level 5 of the Lair of Beasts
 27840 | Lair:5   | Found a staircase to the Slime Pits.
 27877 | Lair:5   | Reached skill level 1 in Earth Magic
 29420 | Lair:5   | Reached skill level 10 in Long Blades
 29564 | Lair:5   | Reached skill level 10 in Dodging
 29985 | D:10     | Bought the ring of the Witching Saviour {Fly Will+ rCorr
                  | Str+3 Int+6} for 876 gold pieces
 29985 | D:10     | Bought the ring "Huzxusto" {rCorr Int+6} for 680 gold
                  | pieces
 30038 | D:10     | Bought a +4 ring of protection for 504 gold pieces
 30134 | D:13     | Noticed Azrael
 30439 | D:13     | Noticed Urug
 30448 | D:13     | Killed Urug
 30962 | D:13     | Noticed Kirke
 30975 | D:13     | Killed Kirke
 30976 | D:13     | Reached XP level 16. HP: 87/111 MP: 13/30
 30981 | D:13     | Killed Azrael
 31428 | D:13     | Learned a level 2 spell: Wereblood
 31984 | D:13     | Found a gate to the Vaults.
 33270 | D:14     | Identified the +1 robe "Icukunos" {rC- Regen+ Stlth+}
 33653 | D:14     | Found a white marble altar of Elyvilon.
 33653 | D:14     | Found a glowing silver altar of Zin.
 33653 | D:14     | Found a glowing golden altar of the Shining One.
 33836 | D:14     | Found an ancient bone altar of Kikubaaqudgha.
 33919 | D:15     | Entered Level 15 of the Dungeon
 33992 | D:15     | Noticed Roxanne
 34023 | D:15     | HP: 4/111 [Roxanne/bolt of magma (13)]
 34026 | D:15     | Shot with an arrow by a centaur warrior

Illustrated notes

Levels and vault maps discovered:
D:1:      minmay_arrival_pointy, layout_basic
D:2:      layout_basic, st_stairs_8
D:3:      layout_basic, pdpol_wu_jian_five_deadly_venoms,
          basic_ecumenical_altar, minmay_misc_feat_five
D:4:      kennysheep_big_flooded_room, layout_cave_pools, tso_oasis_becter,
          gammafunk_temple_overflow_forgotten
D:5:      layout_rooms, mainiacjoe_overflow_alcove_1, temple_pool_b,
          serial_shops, nicolae_shop_window_shopping
D:6:      layout_basic
D:7:      layout_rooms
D:8:      layout_loops_ring, gammafunk_ghost_ooze, columned_hall_lemuel,
          wad_woods_river_04, minmay_misc_feat_columns, minivault_22,
          grunt_ogre_cave, uniq_pikel, uniq_erica, uniq_maggie
D:9:      layout_basic, kennysheep_slug_shrine, kennysheep_orc_sif_temple
D:10:     layout_stronghold, dpeg_lair_monsters, serial_column_ruins,
          column_ruins_square_small, column_ruins_circle_large,
          column_ruins_open_small, column_ruins_grid_1,
          column_ruins_columns_water, column_ruins_open_tiny,
          column_ruins_corridor_straight, column_ruins_open_large,
          minmay_guarded_unrand_vampires_tooth
D:11:     layout_roguey, ebering_ghost_disaster_area, serial_shops, shop,
          nicolae_stop_n_shop_1, nicolae_stop_n_shop_1, nicolae_take_the_stairs
D:12:     layout_cross, hiddenorc1_lemuel, hangedman_abyss_or_decor_lesser_grid,
          st_stairs_4, nzn_sisyphean_effort
D:13:     minmay_razor_zed, layout_loops_cross,
          hangedman_vaults_entry_quadrant_bands, uniq_urug, uniq_kirke,
          uniq_azrael
D:14:     layout_loops_ring, good_gods_mini_temple,
          nicolae_kikubaaqudgha_miasma_corner
D:15:     grunt_enter_depths_giant_problem, layout_irregular_city,
          nicolae_vehumet_altar_sigil, dreamdust_looks_like_rain, uniq_roxanne
Temple:   minmay_temple_curvy_branch
Lair:1:   layout_big_grid, basic_altar, ebering_ghost_xom,
          portal_ice_cave_entry_pillars_1,
          hellmonk_guarded_unrand_seven_league_boots
Lair:2:   layout_misc_corridors, minmay_shoals_entry_hut, roderic_carrion_pond,
          serial_bayou_shore_a
Lair:3:   beargit_carnivore_pack, layout_misc_corridors,
          spider_nest_entry_funnel_web
Lair:4:   layout_cellular_growth, gammafunk_ghost_wrathful_warriors,
          st_stairs_8, infiniplex_staircase_pool_2
Lair:5:   evilmike_catoblepas_cave, layout_cave_pods,
          nicolae_slime_entry_field_trip
Orc:1:    layout_caves, ebering_ghost_disaster_area
Orc:2:    grunt_orc_gardens, layout_caves, grunt_orc_garden, grunt_orc_garden,
          grunt_orc_garden, grunt_orc_garden, minmay_orc_barracks, uniq_sonja

Skill      XL: |  1  2  3  4  5  6  7  8  9 10 11 12 13 14 15 16 |
---------------+-------------------------------------------------+-----
Stealth        | 7 8 9 10 11 12 | 12.3
Short Blades   | 1 2 3 4 5 6 7 8 |  8.9
Spellcasting   | 1 2 3 5 6 7 8 9 10 11 | 11.5
Dodging        | 3 4 5 6 7 8 9 10 | 10.5
Ice Magic      | 1 2 4 5 6 7 8 9 |  9.0
Fighting       | 4 5 6 7 8 9 10 | 10.9
Long Blades    | 3 4 5 6 7 8 9 10 | 10.4
Shields        | 1 3 4 5 6 8 9 |  9.1
Throwing       | 1 2 3 4 5 |  5.0
Fire Magic     | 1 3 |  3.5
Conjurations   | 1 3 |  3.9
Poison Magic   | 1 4 |  4.4
Transmutations | 1 3 |  3.8
Air Magic      | 1 3 |  3.5
Earth Magic    | 2 4 |  4.1

Action                     |  1- 3 |  4- 6 |  7- 9 | 10-12 | 13-15 | 16-18 || total
---------------------------+-------+-------+-------+-------+-------+-------++-------
  Melee: Short sword       |    19 |    79 |   130 |   378 |   732 |   106 ||  1444
         Constrict         |     2 |    27 |    30 |    44 |   113 |    18 ||   234
         Tentacles         |     2 |    19 |    33 |   115 |   330 |    79 ||   578
         Punch             |       |     4 |     6 |    13 |    15 |     5 ||    43
         Dagger            |       |    39 |       |     8 |    38 |    12 ||    97
         Long sword        |       |     2 |     7 |       |       |    24 ||    33
         Quick blade       |       |       |       |    48 |   127 |    23 ||   198
         Scimitar          |       |       |       |    32 |    38 |    43 ||   113
         Demon blade       |       |       |       |       |     1 |       ||     1
  Throw: Javelin           |     5 |     2 |     4 |       |     1 |     7 ||    19
         Dart              |       |       |     8 |    14 |   103 |     2 ||   127
         Boomerang         |       |       |       |    43 |    42 |     2 ||    87
   Cast: Frozen Ramparts   |       |       |    21 |    42 |    79 |    11 ||   153
         Mephitic Cloud    |       |       |       |       |    17 |     7 ||    24
         Ignite Poison     |       |       |       |       |     8 |     4 ||    12
         Freezing Cloud    |       |       |       |       |     6 |     6 ||    12
         Wereblood         |       |       |       |       |       |     3 ||     3
 Invoke: Call Merchant     |       |       |     1 |       |     2 |       ||     3
  Evoke: Wand              |       |       |       |       |     2 |       ||     2
    Use: Scroll            |       |       |       |    12 |    12 |     2 ||    26
         Potion            |       |       |       |     8 |     2 |     2 ||    12
   Stab: Sleeping          |     8 |    26 |    11 |    24 |    36 |     2 ||   107
         Distracted        |       |     2 |     5 |     3 |     9 |     3 ||    22
         Confused          |       |       |       |       |     7 |     2 ||     9
 Armour: Skin              |       |     1 |     4 |    40 |    70 |    26 ||   141
  Dodge: Dodged            |     9 |    51 |    83 |   190 |   334 |    53 ||   720
  Block: Kite shield       |       |       |       |   123 |   250 |    57 ||   430
         Buckler           |       |       |       |     4 |    39 |       ||    43
         Reflection        |       |       |       |       |       |     4 ||     4

Table legend: (Time is in decaauts)
 A = Elapsed time spent in this place.
 B = Non-inter-level travel time spent in this place.
 C = Inter-level travel time spent in this place.
 D = Time resting spent in this place.
 E = Time spent auto-exploring this place.
 F = Levels seen in this place.
 G = Mean time per level.
                   A        B        C        D        E       F      G
               +--------+--------+--------+--------+--------+-----+--------+
         Total |  33476 |  31332 |   2144 |  11789 |   6534 |  24 | 1394.8 |
       Dungeon |  20110 |  18807 |   1303 |   6556 |   4774 |  15 | 1340.7 |
        Temple |    227 |    181 |     46 |      0 |    154 |   1 |  227.0 |
          Lair |   7860 |   7189 |    671 |   2695 |   1257 |   5 | 1572.0 |
  Orcish Mines |   2881 |   2758 |    123 |    948 |    349 |   2 | 1440.5 |
      Ice Cave |   2396 |   2396 |      0 |   1589 |      0 |   1 | 2396.0 |
               +--------+--------+--------+--------+--------+-----+--------+

Top non-repeatable levels by time:
    D:13: 2796 daAuts
    D:12: 2732 daAuts
   IceCv: 2396 daAuts
    D:10: 2109 daAuts
     D:8: 2035 daAuts
  Lair:5: 2003 daAuts
  Lair:3: 1696 daAuts
    D:11: 1610 daAuts
   Orc:2: 1550 daAuts
  Lair:4: 1441 daAuts
  Lair:2: 1398 daAuts
   Orc:1: 1330 daAuts
  Lair:1: 1321 daAuts
     D:9: 1263 daAuts
     D:6: 1232 daAuts
